AoeStats
← 青山新雨 夜观星河

Black Forest

509782437Analyzed
4v4 RM · 6d ago on Sep 28, 2026· 74m 34s· 8 players
Game mode
Random Map
Map size
Large (8 player)
Population
200
Speed
Normal
Resources
Standard
Victory
Conquest
Starting age
Dark Age
Ending age
Imperial Age
RankedLock teamsTeams togetherTeam positionsShared explorationLock speedFull tech treeHidden civsTurbo modeCheats
Victory
Defeat
🇳🇮 Gurjaras · Nicaragua
1150
+16
🇧🇷 Saxons · Brazil
1082
+18
🇲🇽 Persians · Mexico
1040
+20
🇧🇷 Bohemians · Brazil
1003
+21
🇹🇼 Britons · Taiwan
1157
-20
🇺🇸 Spanish · United States
1145
-19
🇨🇦 Cumans · Canada
1139
-19
1086
-17
Philippe6390
0:27 Loom
13:10 Feudal Age
14:29 Wheelbarrow
22:45 Castle Age
21:02 Double-Bit Axe
21:37 Horse Collar
24:01 Bow Saw
27:50 Hand Cart
27:52 Heavy Plow
27:53 Gold Mining
32:47 Imperial Age
30:52 Stone Mining
32:10 Forging
32:06 Scale Barding Armor
33:27 Cavalier
34:22 Bloodlines
34:59 Crop Rotation
35:35 Two-Man Saw
34:15 Capped Ram
36:07 Iron Casting
35:53 Chain Barding Armor
35:57 Conscription
36:51 Paladin
38:36 Plate Barding Armor
37:39 Pikeman
38:24 Scale Mail Armor
51:24 Thumb Ring
Evil Mechanic
12:07 Feudal Age
13:49 Loom
14:39 Wheelbarrow
13:50 Town Watch
16:29 Castle Age
14:30 Double-Bit Axe
14:45 Horse Collar
17:25 Wheelbarrow
17:47 Bow Saw
27:56 Imperial Age
26:56 Hand Cart
27:51 Heavy Plow
27:42 Gold Mining
27:43 Stone Mining
31:00 Elite Conquistador
32:01 Conscription
32:33 Supremacy
32:18 Inquisition
33:34 Stone Shaft Mining
34:00 Two-Man Saw
33:37 Town Watch
35:55 Caravan
36:37 Guilds
37:38 Forging
37:33 Scale Barding Armor
37:41 Bloodlines
37:31 Husbandry
39:11 Cavalier
41:30 Pikeman
42:10 Squires
42:53 Halberdier
43:18 Gambesons
43:19 Arson
44:09 Iron Casting
43:35 Scale Mail Armor
45:23 Ballistics
46:03 Chemistry
60:53 Blast Furnace
59:16 Elite Skirmisher
60:34 Fletching
63:31 Thumb Ring
63:22 Bodkin Arrow
Jason
0:39 Loom
14:02 Feudal Age
14:30 Double-Bit Axe
28:52 Castle Age
31:21 Crossbowman
33:40 Fletching
33:52 Padded Archer Armor
34:36 Stone Mining
34:39 Gold Mining
35:04 Horse Collar
38:12 Wheelbarrow
38:13 Bodkin Arrow
39:34 Bow Saw
43:36 Leather Archer Armor
44:54 Hand Cart
44:31 Town Watch
50:10 Imperial Age
49:42 Yeomen
50:00 Ballistics
50:19 Gold Shaft Mining
52:07 Chemistry
51:10 Bracer
51:41 Ring Archer Armor
52:08 Capped Ram
53:06 Arbalester
56:34 Pikeman
57:28 Forging
57:18 Scale Mail Armor
58:14 Masonry
58:24 Fervor
58:44 Illumination
70:59 Theocracy
73:26 Illumination
青山新雨 夜观星河
5:14 Loom
11:54 Feudal Age
15:33 Castle Age
13:23 Double-Bit Axe
13:21 Horse Collar
18:04 Wheelbarrow
18:39 Heavy Plow
24:10 Bow Saw
24:34 Hand Cart
24:20 Gold Mining
29:31 Imperial Age
27:20 Squires
27:22 Scale Mail Armor
27:25 Man-at-Arms
29:11 Pikeman
31:13 Chain Mail Armor
32:30 Two-Man Saw
31:48 Anarchy
32:08 Conscription
31:39 Capped Ram
32:43 Perfusion
32:41 Heavy Scorpion
33:37 Fletching
33:59 Forging
33:53 Elite Huskarl
33:58 Halberdier
34:33 Onager
35:52 Iron Casting
35:13 Bodkin Arrow
35:41 Ballistics
36:22 Chemistry
37:24 Long Swordsman
39:07 Blast Furnace
38:08 Bracer
38:10 Two-Handed Swordsman
39:25 Caravan
38:55 Champion
41:28 Padded Archer Armor
42:15 Coinage
44:36 Banking
44:17 Murder Holes
44:31 Scale Barding Armor
44:42 Leather Archer Armor
44:40 Bloodlines
43:51 Light Cavalry
44:32 Husbandry
48:45 Chain Barding Armor
48:56 Ring Archer Armor
47:49 Hussar
eduhaas
10:39 Feudal Age
14:14 Castle Age
12:17 Double-Bit Axe
12:16 Horse Collar
16:08 Bow Saw
22:28 Wheelbarrow
21:38 Loom
21:39 Town Watch
21:52 Gold Mining
21:52 Stone Mining
24:01 Gold Shaft Mining
24:24 Heavy Plow
25:17 Stone Shaft Mining
26:10 Hand Cart
30:18 Imperial Age
28:15 Forging
28:10 Scale Barding Armor
28:32 Town Patrol
29:31 Iron Casting
30:13 Chain Barding Armor
31:48 Chemistry
30:20 Elite War Elephant
31:21 Conscription
31:25 Ballistics
31:50 Crop Rotation
32:23 Two-Man Saw
34:29 Blast Furnace
34:14 Plate Barding Armor
33:41 Caravan
35:41 Squires
35:01 Pikeman
35:27 Gambesons
35:28 Arson
39:45 Halberdier
73:59 Padded Archer Armor
73:49 Fletching
lord_blandon
0:34 Loom
15:40 Feudal Age
20:47 Bloodlines
30:16 Scale Barding Armor
30:11 Scale Mail Armor
30:22 Forging
31:02 Double-Bit Axe
31:33 Horse Collar
36:39 Castle Age
37:38 Fletching
37:48 Padded Archer Armor
38:13 Fortified Wall
38:15 Masonry
37:46 Treadmill Crane
38:01 Murder Holes
39:11 Town Watch
43:07 Forging
43:13 Chain Mail Armor
56:35 Town Watch
58:30 Wheelbarrow
57:40 Town Watch
67:23 Hand Cart
68:05 Town Patrol
74:25 Imperial Age
Jcn_x
0:30 Loom
13:29 Feudal Age
15:30 Town Watch
18:23 Castle Age
18:18 Double-Bit Axe
18:16 Horse Collar
21:14 Bow Saw
22:34 Fortified Wall
25:30 Wheelbarrow
29:10 Heavy Plow
33:12 Imperial Age
32:00 Masonry
32:51 Chemistry
32:12 Ballistics
31:49 Murder Holes
32:18 Hand Cart
33:07 Caravan
33:06 Fletching
33:17 Padded Archer Armor
34:37 Conscription
34:24 Wagenburg Tactics
34:19 Bodkin Arrow
35:35 Two-Man Saw
38:46 Leather Archer Armor
40:41 Architecture
41:19 Houfnice
44:16 Ring Archer Armor
51:01 Bracer
74:39 Scale Mail Armor
74:49 Forging
74:53 Siege Engineers
Sesiom
1:19 Loom
12:22 Feudal Age
17:50 Castle Age
17:04 Double-Bit Axe
17:28 Horse Collar
23:35 Gold Mining
24:21 Scale Mail Armor
24:32 Forging
25:36 Fletching
26:06 Chain Mail Armor
27:18 Padded Archer Armor
27:14 Bodkin Arrow
28:02 Bow Saw
28:25 Arson
29:06 Squires
31:47 Forging
34:22 Ballistics
34:13 Fortified Wall
34:36 Masonry
37:30 Iron Casting
37:25 Heavy Plow
39:00 Gold Shaft Mining
46:00 Imperial Age
52:07 Two-Man Saw
52:09 Chemistry
51:16 Siege Engineers
55:31 Bracer
60:03 Plate Mail Armor
61:12 Caravan
62:58 Wheelbarrow
62:09 Town Watch
63:46 Conscription
64:20 Hand Cart
Connection lost

Rejoining the realm…

Still unreachable

The connection could not be restored.

Session expired

The server has moved on; the page needs a fresh start.